 Dungeon Crawl Stone Soup version 0.28-a0-1624-g820543e53a (webtiles) character file.

Game seed: 10430807827807625599

63 dolemite99 the Chopper (level 3, -1/31 HPs)
             Began as a Minotaur Chaos Knight on Jan 23, 2022.
             Was a Plaything of Xom.
             Slain by an adder (3 damage)
             ... on level 2 of the Dungeon.
             The game lasted 00:01:12 (1091 turns).

dolemite99 the Chopper (Minotaur Chaos Knight)      Turns: 1091, Time: 00:01:12

Health: -1/31      AC:  6    Str: 18    XL:     3   Next: 89%
Magic:  2/2        EV: 11    Int:  9    God:    Xom [....*.]
Gold:   51         SH:  0    Dex:  9    Spells: 2/2 levels left

rFire   + . .      SeeInvis .   a - +0 hand axe (chaos)
rCold   + . .      Faith    .   (no shield)
rNeg    . . .      Spirit   .   b - +2 leather armour
rPois   +          Reflect  .   (helmet restricted)
rElec   +          Harm     .   (no cloak)
rCorr   +          Rampage  .   (no gloves)
Will    .....                   d - +0 pair of boots
Stlth   +.........              (no amulet)
HPRegen 0.10/turn               (no ring)
MPRegen 0.08/turn               (no ring)

@: brilliant, lethally poisoned (-1 -> -11), resistant
A: horns 2, retaliatory headbutt
a: Renounce Religion


You were on level 2 of the Dungeon.
You worshipped Xom.
You were a beloved toy of Xom.
You visited 1 branch of the dungeon, and saw 2 of its levels.

You collected 51 gold pieces.

Inventory:

Hand Weapons
 a - a +0 hand axe of chaos (weapon)
 g - a +0 hunting sling
Missiles
 e - 29 arrows
 m - 2 poisoned darts (quivered)
Armour
 b - a +2 leather armour (worn)
 d - a +0 pair of boots (worn)
Scrolls
 h - a scroll of teleportation {unknown}
 i - a scroll of noise {unknown}
 j - a scroll of identify {unknown}
 k - a scroll of immolation {unknown}
Potions
 c - a potion of invisibility {unknown}
 f - a potion of magic {unknown}
 l - a potion of brilliance
 n - a potion of resistance


   Skills:
 - Level 3.6 Fighting
 + Level 5.9 Axes
 - Level 2.4 Armour
 - Level 1.1 Dodging


You had 2 spell levels left.
You didn't know any spells.
Your spell library was empty.

Dungeon Overview and Level Annotations

Branches:
Dungeon (2/15)

Altars:


Innate Abilities, Weirdness & Mutations

You have a pair of horns on your head.
You reflexively headbutt those who attack you in melee.


Message History

You completely miss something. Something bites you.
You are poisoned.
Something poisons you! Something bites you but does no damage.
No target in view!
No target in view!
You feel sick. Something bites you but does no damage.
You see here an adder corpse.
You barely miss something. Your headbutt misses something.
You feel sick. Something bites you.
You are more poisoned.
Something poisons you!
You miss something.
You feel sick. Something bites you.
You are more poisoned.
Something poisons you! Something bites you.
You barely miss something.
You feel very sick. Something bites you but does no damage.
You barely miss something.
You feel sick. Something bites you.
You are more poisoned.
Something poisons you!
You hit something.
Nothing appears to happen.
Your headbutt misses something.
You feel sick. Something bites you but does no damage.
You hit something.
Xom thinks this is hilarious!
Nothing appears to happen.
Your headbutt misses something.
* * * LOW HITPOINT WARNING * * *
You feel sick. Something bites you but does no damage.
It was a potion of brilliance.
You feel clever all of a sudden.
Xom roars with laughter!
You feel sick. Something bites you.
* * * LOW HITPOINT WARNING * * *
You are more poisoned.
Something poisons you! Something completely misses you.
It was a potion of resistance.
You feel protected.
* * * LOW HITPOINT WARNING * * *
You feel very sick. Something bites you.
You die...

### # ...#
#####.#########.#
#####...........@...##
#...............{.......
#.###.###.##..####..####
#.# #.###.##..####..#
#.###.#.............#
......#.###..#####.##
..##.## #..#
####.##.###..# #
#.##......#


There were no monsters in sight!

Vanquished Creatures
  2 adders (D:2)
  2 dart slugs
  4 endoplasms
  3 giant cockroaches
  3 goblins (D:1)
  3 hobgoblins (D:1)
  3 jackals (D:1)
  2 quokkas (D:1)
  6 ball pythons (D:1)
  3 bats (D:1)
  A frilled lizard (D:1)
  2 kobolds
  4 rats
38 creatures vanquished.

Notes
Turn   | Place    | Note
-------+----------+-------------------------------------------
     0 | D:1      | dolemite99 the Minotaur Chaos Knight began the quest for
                  | the Orb.
     0 | D:1      | Reached XP level 1. HP: 19/19 MP: 0/0
    37 | D:1      | XOM: silly message
    95 | D:1      | Reached skill level 4 in Axes
   114 | D:1      | XOM: silly message
   119 | D:1      | Reached XP level 2. HP: 18/26 MP: 1/1
   570 | D:1      | Reached skill level 5 in Axes
   749 | D:1      | Reached XP level 3. HP: 31/31 MP: 2/2
   969 | D:2      | XOM is BORED!
   969 | D:2      | XOM: silly message
  1091 | D:2      | Slain by an adder

Illustrated notes

Levels and vault maps discovered:
D:1:      roderic_chinese_lattice_arrival, layout_basic, roderic_lattice_a
D:2:      layout_loops_ring, nicolae_ecumenical_snake_handling

Skill      XL: |  1  2 |
---------------+-------+-----
Axes           | 4 5 |  5.9
Fighting       | |  3.6
Armour         | |  2.4
Dodging        | |  1.1

Action                   || total
-------------------------++-------
Melee: Hand axe          ||    73
       Headbutt          ||     9
       Punch             ||     1
Throw: Dart              ||     2
  Use: Potion            ||     2
 Stab: Paralysed         ||     1
Armor: Leather armour    ||    39
Dodge: Dodged            ||    35

Table legend: (Time is in decaauts)
 A = Elapsed time spent in this place.
 B = Non-inter-level travel time spent in this place.
 C = Inter-level travel time spent in this place.
 D = Time resting spent in this place.
 E = Time spent auto-exploring this place.
 F = Levels seen in this place.
 G = Mean time per level.
                   A        B        C        D        E       F      G
               +--------+--------+--------+--------+--------+-----+--------+
         Total |   1094 |   1042 |     52 |      0 |    805 |   2 |  547.0 |
       Dungeon |   1094 |   1042 |     52 |      0 |    805 |   2 |  547.0 |
               +--------+--------+--------+--------+--------+-----+--------+

Top non-repeatable levels by time:
     D:1: 946 daAuts
     D:2: 148 daAuts
